 Dungeon Crawl Stone Soup version 0.28.0-45-g0d030f2227 (webtiles) character file.

Game seed: 15099419638457333864

7536 DasRunzen the Nimble (level 11, 0/81 HPs)
             Began as a Djinni Fire Elementalist on Mar 24, 2022.
             Was a Believer of Qazlal.
             Slain by a shadow (27 damage)
             ... on level 10 of the Dungeon on Mar 30, 2022.
             The game lasted 00:29:33 (13855 turns).

DasRunzen the Nimble (Djinni Fire Elementalist)    Turns: 13855, Time: 00:29:33

Health: 0/81       AC:  8    Str:  7    XL:     11   Next: 39%
Gold:   439        EV: 16    Int: 26    God:    Qazlal [**....] SH:  9 Dex: 15

rFire   + + .      SeeInvis .   j - +2 hand axe (flame)
rCold   x . .      Faith    .   u - +0 buckler
rNeg    . . .      Spirit   .   H - +2 robe {Archmagi}
rPois   ∞          Reflect  .   (no helmet)
rElec   .          Harm     .   q - +0 cloak
rCorr   .          Rampage  .   f - +1 pair of gloves
Will    +....      Archmagi +   (boots unavailable)
Stlth   ++........              p - amulet of the acrobat
HPRegen 0.23/turn               x - +6 ring of intelligence
MPRegen 0.00/turn               F - ring of wizardry

@: flying
A: sickness immunity, fire resistance 2, cold vulnerability 1, float, innate
caster, HP casting, extra vitality 1
a: Renounce Religion, Upheaval


You were on level 10 of the Dungeon.
You worshipped Qazlal.
Qazlal was pleased with you.
You visited 2 branches of the dungeon, and saw 11 of its levels.

You collected 439 gold pieces.

Inventory:

Hand Weapons
 j - a +2 hand axe of flaming (weapon)
Missiles
 B - 3 throwing nets
Armour
 f - a +1 pair of gloves (worn)
 q - a +0 cloak (worn)
 u - a +0 buckler (worn)
 H - a +2 robe of the Archmagi (worn)
Magical Staves
 C - a staff of poison
Jewellery
 a - a ring of protection from cold
 p - an amulet of the acrobat (around neck)
 x - a +6 ring of intelligence (left hand)
 F - a ring of wizardry (right hand)
 G - a +4 ring of evasion
Wands
 g - a wand of flame (8)
 s - a wand of paralysis (23)
 z - a wand of iceblast (22)
 E - a wand of mindburst (11)
Scrolls
 b - a scroll of noise {unknown}
 c - 3 scrolls of magic mapping {unknown}
 d - 2 scrolls of enchant armour {unknown}
 e - a scroll of blinking {unknown}
 l - 2 scrolls of enchant weapon {unknown}
 m - 4 scrolls of teleportation {unknown}
 n - a scroll of fear {unknown}
 A - 3 scrolls of vulnerability {unknown}
 D - a scroll of acquirement {unknown}
Potions
 h - 3 potions of might
 i - 3 potions of curing {unknown}
 k - 2 potions of attraction {unknown}
 o - a potion of heal wounds {unknown}
 r - a potion of brilliance {unknown}
 t - a potion of resistance {unknown}
 v - 2 potions of cancellation {unknown}
 w - a potion of lignification {unknown}


   Skills:
 + Level 7.8 Fighting
 + Level 7.7 Armour
 + Level 8.9 Dodging
 - Level 1.5 Stealth
 + Level 6.3 Shields
 + Level 6.5 Spellcasting


You couldn't memorise any spells.
You knew the following spells:

 Your Spells              Type           Power      Damage    Failure   Level
a - Foxfire               Conj/Fire      100%       2x1d9     1%          1
b - Scorch                Fire           100%       2d10      1%          2
c - Conjure Flame         Conj/Fire      59%        6-21      1%          3
d - Inner Flame           Hex/Fire       59%        N/A       1%          3
e - Flame Wave            Conj/Fire      59%        2d11      2%          4
f - Shock                 Conj/Air       100%       1d9       1%          1
g - Call Imp              Summ           59%        N/A       1%          2
h - Stone Arrow           Conj/Erth      100%       3d13      1%          3
i - Summon Lightning Spi  Summ/Air       59%        N/A       2%          4
j - Passage of Golubria   Tloc           59%        N/A       2%          4
Your spell library was empty.

Dungeon Overview and Level Annotations

Branches:
Dungeon (10/15)            Temple (1/1) D:5             Orc (0/2) D:9
   Lair: D:8-11

Altars:
Ashenzari
Cheibriados
Dithmenos
Elyvilon
Fedhas
Gozag
Hepliaklqana
Kikubaaqudgha
Makhleb
Nemelex Xobeh
Okawaru
Qazlal
Ru
Sif Muna
Trog
Uskayaw
Vehumet
Wu Jian
Xom
Yredelemnul
Zin
The Shining One

Annotations:
D:7 3 runed translucent doors, mistmaker's ghost, novice TeAE


Innate Abilities, Weirdness & Mutations

You are immune to sickness and miasma.
You are immune to poison.
Your flesh is very heat resistant. (rF++)
You are vulnerable to cold. (rC-)
You float through the air rather than walking.
You learn spells naturally, not from books.
Your magical power is your life essence.
You have superior vitality. (+4 MHP)


Message History

Your foxfire dissipates!
Casting: Scorch (safe; 1% risk of failure)
Confirm with . or Enter, or press ? or * to list all spells.
You feel a surge of power!
Flames lash something.
An orc comes into view. It is wielding a +0 club.
The centaur unwields a +0 shortbow.
You block the centaur's attack. x2
Casting: Scorch (safe; 1% risk of failure)
Confirm with . or Enter, or press ? or * to list all spells.
You feel a surge of power!
Flames lash the orc.
You kill the orc!
Qazlal accepts your kill. The centaur hits you. You block the centaur's attack.
The shadow strikes at you from the darkness!
A shadow comes into view.
You block the centaur's attack. The centaur barely misses you.
Casting: Scorch (safe; 1% risk of failure)
Confirm with . or Enter, or press ? or * to list all spells.
You feel a surge of power!
Flames lash the shadow.
The shadow is burned terribly!
The shadow is severely damaged.
The shadow completely misses you. The centaur hits you.
The centaur barely misses you.
Casting: Scorch (safe; 1% risk of failure)
Confirm with . or Enter, or press ? or * to list all spells.
You feel a surge of power!
Flames lash the orc.
The orc is severely wounded.
The orc's fire resistance burns away.
The centaur hits you. The centaur kicks you.
The shadow slips into darkness.
The shadow flickers and vanishes!
Deactivating autopickup; reactivate with Ctrl-A.
You block the centaur's attack. The centaur completely misses you.
Casting: Scorch (safe; 1% risk of failure)
Confirm with . or Enter, or press ? or * to list all spells.
You feel a surge of power!
Flames lash the orc.
The orc is burned terribly!
You kill the orc!
Qazlal accepts your kill.
The centaur is no longer more vulnerable to fire.
The shadow strikes at you from the darkness!
You die...

.... .. ..
....##.##.
#.).......
.......###
..
........#...
#†)$....#
##...☼..#
#...@#
#.(.{c#
...)...))
...####...
.. #.... .
#.....
......)
........


You could see a centaur.

Vanquished Creatures
  A polar bear (D:9)
  A troll (D:9)
  Grinder (D:4)
  A shadow (D:9)
  A basilisk (shapeshifter) (D:10)
  12 yaks (D:9)
  A wyvern (D:9)
  2 acid dragons
  A water moccasin (D:9)
  An ice beast (D:9)
  3 orc warriors
  3 ogres (D:9)
  A centaur (D:9)
  A wolf (D:9)
  3 kobold brigands
  Blork the orc (D:5)
  2 bullfrogs
  5 gnoll sergeants (D:9)
  A wyvern zombie (D:9)
  4 scorpions
  2 water moccasin zombies
  10 killer bees
  8 wights
  An electric eel (D:9)
  4 howler monkeys
  5 centaur zombies
  A jelly (D:7)
  3 hounds
  Crazy Yiuf (D:4)
  8 orc priests
  2 centaur skeletons
  2 gnoll shamans
  Terence (D:2)
  Jessica (D:2)
  2 iguanas (D:5)
  18 orc wizards
  2 howler monkey zombies
  8 gnolls
  A howler monkey skeleton (D:4)
  6 adders
  2 shadow imps (D:7)
  A howler monkey simulacrum (D:9)
  3 white imps
  2 ufetubi
  A dart slug (D:2)
  42 orcs
  11 endoplasms
  2 giant cockroaches (D:4)
  3 goblins
  6 hobgoblins
  8 jackals
  11 ball pythons
  10 bats
  A frilled lizard (D:1)
  18 kobolds
  8 rats
261 creatures vanquished.

Vanquished Creatures (collateral kills)
  A foxfire (D:6)
1 creature vanquished.

Vanquished Creatures (others)
  840 foxfires
  19 fungi (D:10)
  28 plants
887 creatures vanquished.

Grand Total: 1149 creatures vanquished

Notes
Turn   | Place    | Note
-------+----------+-------------------------------------------
     0 | D:1      | DasRunzen the Djinni Fire Elementalist began the quest for
                  | the Orb.
     0 | D:1      | Reached XP level 1. HP: 15/15 MP: 0/0
   115 | D:1      | Reached XP level 2. HP: 8/22 MP: 0/0
   958 | D:1      | Reached skill level 1 in Fighting
   973 | D:1      | Reached XP level 3. HP: 8/27 MP: 0/0
   973 | D:1      | Learned a level 1 spell: Shock
   977 | D:1      | Reached skill level 1 in Armour
  1531 | D:2      | Noticed Jessica
  1537 | D:2      | Killed Jessica
  1538 | D:2      | Reached skill level 3 in Dodging
  1538 | D:2      | Reached XP level 4. HP: 22/32 MP: 0/0
  2547 | D:2      | Noticed Terence
  2830 | D:2      | Killed Terence
  2831 | D:2      | Reached XP level 5. HP: 34/38 MP: 0/0
  2831 | D:2      | Learned a level 2 spell: Call Imp
  3471 | D:3      | Reached XP level 6. HP: 40/45 MP: 0/0
  3508 | D:3      | Found a faded altar of an unknown god.
  3950 | D:3      | Found a shimmering altar of Xom.
  4226 | D:3      | Found a hide-covered altar of Uskayaw.
  4226 | D:3      | Found a glowing golden altar of the Shining One.
  4231 | D:3      | Found an iron altar of Okawaru.
  4573 | D:4      | Reached skill level 4 in Dodging
  4578 | D:4      | Noticed Grinder
  4587 | D:4      | Killed Grinder
  4588 | D:4      | Reached XP level 7. HP: 31/50 MP: 0/0
  4588 | D:4      | Learned a level 3 spell: Stone Arrow
  4751 | D:4      | Found a sparkling altar of Nemelex Xobeh.
  5832 | D:4      | Found a runed translucent door.
  5833 | D:4      | Noticed Crazy Yiuf
  5856 | D:4      | Found a hazy altar of Hepliaklqana.
  5857 | D:4      | Found a shadowy altar of Dithmenos.
  5857 | D:4      | Noticed a shadow
  6054 | D:4      | Killed Crazy Yiuf
  6226 | D:5      | Entered Level 5 of the Dungeon
  6329 | D:5      | Found a staircase to the Ecumenical Temple.
  6335 | Temple   | Entered the Ecumenical Temple
  7394 | D:5      | Reached skill level 5 in Dodging
  7394 | D:5      | Reached XP level 8. HP: 54/58 MP: 0/0
  7728 | D:5      | Noticed Blork the orc
  7740 | D:5      | Killed Blork the orc
  7905 | D:5      | Reached skill level 1 in Shields
  8161 | D:6      | Found a blossoming altar of Fedhas.
  8205 | D:6      | Identified the +1 chain mail of the Northern Lights
                  | {*Corrode Int+7 Dex+4}
  8648 | D:6      | Reached XP level 9. HP: 54/64 MP: 0/0
  8648 | D:6      | Learned a level 4 spell: Summon Lightning Spire
  8835 | D:6      | Found a white marble altar of Elyvilon.
  8889 | D:7      | Reached skill level 6 in Dodging
  8909 | D:7      | Found a runed translucent gate.
  8909 | D:7      | Found a runed translucent gate.
  8909 | D:7      | Found a runed translucent gate.
  8940 | D:7      | Noticed mistmaker's ghost (novice TeAE)
  8977 | D:7      | Reached skill level 5 in Armour
  8981 | D:7      | Reached skill level 5 in Fighting
  9611 | D:7      | Reached skill level 5 in Spellcasting
 10683 | D:8      | Reached skill level 7 in Dodging
 10727 | D:8      | Found a stormy altar of Qazlal.
 10730 | D:8      | Became a worshipper of Qazlal Stormbringer
 10819 | D:8      | Reached XP level 10. HP: 64/72 MP: 0/0
 11175 | D:8      | Found a broken altar of Ashenzari.
 12081 | D:9      | Identified the +6 chain mail "Renedec" {Contam +Inv rElec}
 12167 | D:9      | Reached skill level 5 in Shields
 12168 | D:9      | Reached skill level 8 in Dodging
 12429 | D:9      | Reached * piety under Qazlal
 12693 | D:9      | Reached XP level 11. HP: 73/79 MP: 0/0
 12693 | D:9      | Learned a level 4 spell: Passage of Golubria
 12710 | D:9      | Upgraded the game from 0.28.0-43-g3370ac3207 to
                  | 0.28.0-45-g0d030f2227
 12970 | D:9      | Found a staircase to the Orcish Mines.
 12985 | D:9      | Reached ** piety under Qazlal
 13729 | D:10     | Entered Level 10 of the Dungeon
 13855 | D:10     | Slain by a shadow

Illustrated notes

Levels and vault maps discovered:
D:1:      minmay_arrival_diagonal_passages, layout_rooms,
          chequers_hall_statues_y
D:2:      layout_loops_ring, uniq_jessica, uniq_terence
D:3:      layout_loops_cross, mainiacjoe_overflow_boulevard, minitemple,
          lemuel_blue_sif_altar, ebering_ecumenical_altar_mist,
          minmay_misc_feat_four_crosses, serial_park_tiny_1
D:4:      layout_layer_cave, riverfiend_overflow_shadow_ancestor,
          nemelex_dance_club_becter, kennysheep_another_room,
          hangedman_glass_teeth, uniq_grinder, uniq_crazy_yiuf_cottage
D:5:      kennysheep_six_static_rooms, layout_loops_corners,
          minmay_temple_entry_ruins, uniq_blork_the_orc
D:6:      minmay_flawed_box, layout_rooms, mainiacjoe_overflow_catwalk_spiral
D:7:      layout_layer_cave, ebering_ghost_rock_garden, lemuel_old_faithful
D:8:      layout_gridville, kennysheep_mini_moat, ashenzari_conservatory_becter
D:9:      layout_long_grid, kennysheep_orc_monster_closet_entryway, serial_ice,
          serial_ice_e, serial_ice_k, serial_ice_n, serial_ice_h, st_stairs_9,
          grunt_decor_resistance
D:10:     layout_cave_pools, due_lair_maze_entry_diamond
Temple:   compressed_dpeg_triangle_lava_temple

Skill      XL: |  1  2  3  4  5  6  7  8  9 10 11 |
---------------+----------------------------------+-----
Fighting       | 1 2 3 4 5 7 |  7.8
Armour         | 1 2 3 4 5 7 |  7.7
Dodging        | 3 4 5 7 8 |  8.9
Spellcasting   | 3 4 5 6 |  6.5
Shields        | 2 4 5 6 |  6.3
Stealth        | |  1.5

Action                   |  1- 3 |  4- 6 |  7- 9 | 10-12 || total
-------------------------+-------+-------+-------+-------++-------
 Cast: Foxfire           |    75 |   108 |   234 |   114 ||   531
       Scorch            |       |    34 |    46 |    70 ||   150
       Inner Flame       |       |       |    17 |    28 ||    45
       Stone Arrow       |       |       |     4 |     2 ||     6
       Shock             |       |       |     3 |    24 ||    27
  Use: Scroll            |     1 |       |     2 |       ||     3
Armor: Robe              |     1 |       |     4 |    12 ||    17
Dodge: Dodged            |     3 |    11 |    18 |    27 ||    59
Block: Buckler           |       |       |       |    12 ||    12
       Other             |       |       |       |     1 ||     1
